 Dungeon Crawl Stone Soup version 0.24-a0-271-ga0fc33f (webtiles) character file.

Game seed: 10991208998825137954

684 Ijustatesigmund the Chopper (level 7, -5/50 HPs)
             Began as an Octopode Fighter on Apr 24, 2019.
             Slain by an ice beast (9 damage)
             ... on level 5 of the Dungeon.
             The game lasted 00:08:56 (4492 turns).

Ijustatesigmund the Chopper (Octopode Fighter)      Turns: 4492, Time: 00:08:57

Health: -5/50      AC:  1    Str: 15    XL:     7   Next: 62%
Magic:  7/7        EV: 13    Int: 11    God:
Gold:   213        SH:  9    Dex: 13    Spells: 6/6 levels left

rFire    . . .     SeeInvis .   a - +0 war axe
rCold    . . .     Gourm    .   b - +0 shield
rNeg     . . .     Faith    .   (helmet restricted)
rPois    .         Spirit   .   (no amulet)
rElec    .         Reflect  .   (no ring)
rCorr    .         Harm     .   (no ring)
MR       .....                  (no ring)
Stlth    ++........             (no ring)
HPRegen  0.16/turn              (no ring)
MPRegen  0.10/turn              (no ring)
                                (no ring)
                                (no ring)

@: no status effects
A: almost no armour, stealthy swim, amphibious, 8 rings, constrict 8, camouflage
1, gelatinous body 1
a: no special abilities


You were on level 5 of the Dungeon.
You were hungry.

You visited 1 branch of the dungeon, and saw 5 of its levels.

You collected 213 gold pieces.

Inventory:

Hand Weapons
 a - a +0 war axe (weapon)
Armour
 b - a +0 shield (worn)
Jewellery
 g - an uncursed ring of ice {unknown}
 k - an uncursed ring of fire {unknown}
Scrolls
 e - 4 scrolls of teleportation
 h - 2 scrolls of amnesia
 i - a scroll of fog
 m - 4 scrolls of remove curse
Potions
 f - a potion of resistance
 j - 3 potions of cancellation {unknown}
 l - a potion of degeneration {unknown}
 o - a potion of ambrosia {unknown}
Comestibles
 d - 9 rations


   Skills:
 + Level 5.2 Fighting
 + Level 5.5 Axes
 + Level 4.2 Dodging
 + Level 4.2 Shields


You had 6 spell levels left.
You didn't know any spells.
Your spell library was empty.

Dungeon Overview and Level Annotations

Branches:
Dungeon (5/15)             Temple (0/1) D:4

Altars:
Gozag
Kikubaaqudgha
Ru
Xom
Yredelemnul


Innate Abilities, Weirdness & Mutations

You cannot wear most types of armour.
You are very stealthy in the water. (Stealth+)
You are amphibious.
You can wear up to eight rings at the same time.
You can use your tentacles to constrict eight enemies at once.
Your skin changes colour to match your surroundings (Stealth+).
Your rubbery body absorbs attacks. (AC +1, EV +1)


Message History

The ice beast is moderately wounded.
You are feeling hungry.
You block the ice beast's attack. The ice beast hits you.
The ice beast freezes you!
You are too injured to fight recklessly!
You are too injured to fight recklessly!
You are too injured to fight recklessly!
You are too injured to fight recklessly!
You are too injured to fight recklessly!
You are too injured to fight recklessly!
You closely miss the ice beast. Your squeeze misses the ice beast.
The ice beast is moderately wounded.
The ice beast hits you. The ice beast freezes you!
* * * LOW HITPOINT WARNING * * *
You hit the ice beast.
The ice beast is moderately wounded.
The ice beast hits you.
* * * LOW HITPOINT WARNING * * *
The ice beast freezes you!
You die...

# ########.#
#####........#
#.........##.####
..#..#.###.#......
## ##.#.# #......#
#.# ##..# #.#[..##
#.###.### #@##.##
#..#..# #Y# .#
#..######.# #
#.........#
###.#########
#......# #.#<<#.#
#.#....#
........>+


You could see an ice beast.

Vanquished Creatures
  A phantom (D:4)
  A centaur (D:4)
  2 hounds
  3 orc priests
  A gnoll shaman (D:4)
  2 orc wizards (D:4)
  A worker ant (D:4)
  A howler monkey skeleton (D:4)
  5 gnolls (D:4)
  7 adders
  An ooze (D:4)
  5 worms
  6 dart slugs
  4 leopard geckos
  11 orcs
  4 giant cockroaches
  5 hobgoblins
  6 jackals
  2 ball pythons
  7 bats
  8 frilled lizards
  10 goblins
  13 kobolds
  16 rats
122 creatures vanquished.

Notes
Turn   | Place    | Note
-------+----------+-------------------------------------------
     0 | D:1      | Ijustatesigmund the Octopode Fighter began the quest for
                  | the Orb.
     0 | D:1      | Reached XP level 1. HP: 16/16 MP: 1/1
   320 | D:1      | Reached XP level 2. HP: 21/21 MP: 2/2
   771 | D:1      | Reached XP level 3. HP: 26/26 MP: 3/3
  1343 | D:2      | Reached XP level 4. HP: 10/32 MP: 4/4
  1809 | D:2      | Reached XP level 5. HP: 37/37 MP: 5/5
  2169 | D:3      | Found an ancient bone altar of Kikubaaqudgha.
  2776 | D:3      | Found a shimmering altar of Xom.
  2776 | D:3      | Found an opulent altar of Gozag.
  2783 | D:3      | Reached XP level 6. HP: 44/44 MP: 6/6
  2930 | D:4      | Reached skill level 5 in Axes
  3251 | D:4      | Found a staircase to the Ecumenical Temple.
  3421 | D:4      | Noticed a phantom
  3437 | D:4      | Killed a phantom
  3437 | D:4      | Reached XP level 7. HP: 44/49 MP: 7/7
  3762 | D:4      | Reached skill level 5 in Fighting
  4415 | D:4      | Found a basalt altar of Yredelemnul.
  4422 | D:4      | Found a sacrificial altar of Ru.
  4462 | D:5      | Entered Level 5 of the Dungeon
  4492 | D:5      | Slain by an ice beast

Levels and vault maps discovered:
D:1:      dpeg_arrival_morbid_curiosity, layout_basic, minmay_rat_gold_closets
D:2:      layout_loops_ring
D:3:      minmay_diamond_boxcup, layout_basic, lemuel_round_altar,
          grunt_temple_overflow_open
D:4:      layout_gridville, amethyst_overflow_temple_binary,
          minmay_temple_entry_overgrown, first_ration, kennysheep_nondescript
D:5:      layout_loops_corners, portal_sewer_entry_a,
          lightli_ossuary_entry_decrepit_ruins, fedhas_altar_1, uniq_sigmund

Skill      XL: |  1  2  3  4  5  6  7 |
---------------+----------------------+-----
Axes           | 3 4 5 |  5.5
Fighting       | 4 5 |  5.2
Dodging        | 4 |  4.2
Shields        | 4 |  4.2

Action                   |  1- 3 |  4- 6 |  7- 9 || total
-------------------------+-------+-------+-------++-------
Melee: War axe           |    71 |   135 |    49 ||   255
       Constrict         |    19 |    32 |     9 ||    60
       Tentacles         |    11 |    22 |     8 ||    41
  Use: Scroll            |     6 |     2 |     1 ||     9
       Potion            |       |     5 |       ||     5
 Stab: Sleeping          |    10 |     8 |     5 ||    23
  Eat: Chunk             |     1 |     7 |     3 ||    11
Armor: Skin              |     1 |     9 |       ||    10
Dodge: Dodged            |    37 |    63 |    24 ||   124
Block: Shield            |    13 |    56 |    16 ||    85
       Buckler           |     4 |       |       ||     4

Table legend:
 A = Non-vault XP
 B = Vault XP
 C = Vault XP percentage of total XP
 D = Non-vault monster count
 E = Vault monster count
 F = Vault count percentage of total count
                 A         B        C        D         E       F
            +---------+---------+-------+---------+---------+-------
      Total |     947 |      31 |   3.2 |     102 |      20 |  16.4
            +---------+---------+-------+---------+---------+-------
        D:1 |      36 |      16 |  30.8 |      19 |      13 |  40.6
        D:2 |     174 |       0 |   0.0 |      30 |       0 |   0.0
        D:3 |     146 |      15 |   9.3 |      29 |       7 |  19.4
        D:4 |     591 |       0 |   0.0 |      24 |       0 |   0.0
            +---------+---------+-------+---------+---------+-------
